 Dungeon Crawl Stone Soup version 0.28.0-49-g6dfe1f597d (webtiles) character file.

Game seed: 5248649432494653925

172 styxcanada the Sneak (level 5, -3/26 HPs)
             Began as a Spriggan Brigand on May 13, 2022.
             Slain by a gnoll
             ... wielding a +0 club
              (7 damage)
             ... while paralysed by a gnoll
             ... on level 3 of the Dungeon.
             The game lasted 00:08:04 (2203 turns).

styxcanada the Sneak (Spriggan Brigand)             Turns: 2203, Time: 00:08:05

Health: -3/26      AC:  3    Str:  7    XL:     5   Next: 27%
Magic:  8/8        EV:  4    Int: 12    God:
Gold:   87         SH:  0    Dex: 19    Spells: 5/7 levels left

rFire   . . .      SeeInvis +   h - +0 dagger (flame)
rCold   . . .      Faith    .   (no shield)
rNeg    . . .      Spirit   .   b - +0 robe
rPois   .          Reflect  .   (helmet restricted)
rElec   .          Harm     .   c - +0 cloak
rCorr   .          Rampage  .   (gloves unavailable)
Will    .....                   (boots unavailable)
Stlth   ++++......              (no amulet)
HPRegen 0.08/turn               (no ring)
MPRegen 0.11/turn               (no ring)

@: paralysed, very quick
A: very small, no large weapons, unfitting armour, see invisible, speed 3
a: no special abilities


You were on level 3 of the Dungeon.
You visited 1 branch of the dungeon, and saw 3 of its levels.

You collected 87 gold pieces.

Inventory:

Hand Weapons
 a - a +2 dagger
 h - a +0 dagger of flaming (weapon)
Missiles
 d - 3 poisoned darts (quivered)
 e - 4 curare-tipped darts
 i - 47 stones
Armour
 b - a +0 robe (worn)
 c - a +0 cloak (worn)
Potions
 f - a potion of brilliance
 j - a potion of might
 m - a potion of invisibility


   Skills:
 * Level 2.1 Fighting
 + Level 2.6 Short Blades
 + Level 2.1 Throwing
 * Level 2.7 Dodging
 * Level 7.9 Stealth
 * Level 1.8 Spellcasting
 * Level 0.9 Hexes
 * Level 0.7 Ice Magic


You had 5 spell levels left.
You knew the following spells:

 Your Spells              Type           Power      Damage    Failure   Level
a - Ensorcelled Hibernat  Hex/Ice        6%         N/A       30%         2

Your spell library contained the following spells:

 Spells                   Type           Power      Damage    Failure   Level
 Beastly Appendage        Tmut           2%         N/A       28%         1
 Passwall                 Tmut/Erth      0%         N/A       38%         2
 Wereblood                Tmut           1%         N/A       38%         2
 Spider Form              Tmut/Pois      1%         N/A       63%         3
 Swiftness                Air            1%         N/A       63%         3


Dungeon Overview and Level Annotations

Branches:
Dungeon (3/15)

Altars:
Elyvilon

Annotations:
D:3 1 transporter, issech's ghost, amateur TrMo


Innate Abilities, Weirdness & Mutations

You are very small and have problems with some larger weapons.
You are too small for most types of armour.
You have supernaturally acute eyesight. (SInv)
You cover ground extremely quickly. (Speed+++)


Message History

Aim: a gnoll, wielding a +0 whip and carrying a wand of polymorph (8) (66% to hit)
You throw a poisoned dart.
The poisoned dart closely misses the gnoll.
Throw: 5 darts (poison)
Press: ? - help, Q - select action, (/) - cycle Shift-Dir - straight line, f/p - gnoll
Aim: a gnoll, wielding a +0 whip and carrying a wand of polymorph (8) (66% to hit)
You throw a poisoned dart. The poisoned dart hits the gnoll.
The gnoll is poisoned.
The gnoll zaps a wand.
You easily resist.
Throw: 4 darts (poison)
Press: ? - help, Q - select action, (/) - cycle Shift-Dir - straight line, f/p - gnoll
Aim: a gnoll, wielding a +0 whip and carrying a wand of polymorph (7) (lightly wounded, poisoned, 66% to hit)
You throw a poisoned dart. The poisoned dart hits the gnoll.
The gnoll looks even sicker.
The gnoll is lightly wounded.
The gnoll closely misses you.
You hit the gnoll but do no damage. You punch the gnoll, but do no damage.
The gnoll is heavily wounded.
You barely miss the gnoll.
The gnoll is heavily wounded.
The gnoll barely misses you.
You hit the gnoll but do no damage.
The gnoll is severely wounded.
The gnoll misses you.
You barely miss the gnoll.
The gnoll is severely wounded.
The gnoll zaps a wand.
You easily resist.
You hit the gnoll but do no damage.
The gnoll is severely wounded.
You kill the gnoll!
The gnoll hits you from afar with a +3 vampiric halberd!
Ouch! That really hurt!
* * * LOW HITPOINT WARNING * * *
The gnoll barely misses you.
The gnoll throws a throwing net.
The throwing net closely misses you.
Things that are here:
a +0 whip; a wand of polymorph (6)
The gnoll zaps a wand.
You suddenly lose the ability to move!
The gnoll hits you with a +0 club!
You die...

#..≈≈#...#$###.©.###.#...#
#..≈≈#...###.#####©###...#
#..≈≈###...............###
#..≈≈.8#!######'######.#8.
##.≈≈.##.#.⌠.#..8#!.$#.##.
#.≈≈.#..'...g.g⌠#:.$'..#.
#.≈≈.##.#.⌠.#g.8#[.$#.##.
#.≈≈.8#.######g######.#8.
#.≈≈###(@gg.W.(.......###
#.≈≈#..g###.#####.###...#
#.≈≈#...#.###.©.###.#...#
#.≈≈#####...........#####
#.≈≈≈≈≈≈≈≈≈≈≈...≈≈≈≈≈≈≈≈≈
#.≈≈≈≈≈≈≈≈≈≈≈...≈≈≈≈≈≈≈≈≈
#........................
#.#####..##.#.###........
#.#####.##<...# #.##.####


You could see a gnoll shaman, issech's ghost and 4 gnolls.

Vanquished Creatures
  A black bear (D:3)
  2 adders
  A gnoll (D:3)
  3 worms
  4 dart slugs
  A ball python (D:1)
  5 bats
  3 endoplasms
  A giant cockroach (D:1)
  A hobgoblin (D:1)
  3 jackals (D:1)
  3 kobolds
  5 frilled lizards
  4 goblins
  5 rats
42 creatures vanquished.

Vanquished Creatures (others)
  6 plants (D:3)
6 creatures vanquished.

Grand Total: 48 creatures vanquished

Notes
Turn   | Place    | Note
-------+----------+-------------------------------------------
     0 | D:1      | styxcanada the Spriggan Brigand began the quest for the
                  | Orb.
     0 | D:1      | Reached XP level 1. HP: 10/10 MP: 2/2
    54 | D:1      | Reached skill level 6 in Stealth
    54 | D:1      | Reached XP level 2. HP: 13/15 MP: 3/3
   568 | D:1      | You fall into a shaft and drop 1 floor!
   619 | D:2      | Reached skill level 1 in Spellcasting
   619 | D:2      | Reached XP level 3. HP: 18/18 MP: 3/5
   652 | D:2      | Found a faded altar of an unknown god.
   708 | D:1      | Learned a level 2 spell: Ensorcelled Hibernation
  1651 | D:3      | Found a white marble altar of Elyvilon.
  1733 | D:3      | Reached skill level 7 in Stealth
  1896 | D:3      | Reached XP level 4. HP: 23/23 MP: 7/7
  1925 | D:3      | Found a transporter.
  1936 | D:3      | Noticed issech's ghost (amateur TrMo)
  2051 | D:3      | Noticed a black bear
  2058 | D:3      | Killed a black bear
  2059 | D:3      | Reached XP level 5. HP: 26/26 MP: 8/8
  2125 | D:3      | Found a transporter.
  2201 | D:3      | Paralysed by a gnoll for 7 turns
  2203 | D:3      | Slain by a gnoll

Illustrated notes

Levels and vault maps discovered:
D:1:      amcnicky_arrival_feature_with_door, layout_basic
D:2:      layout_basic, ebering_ecumenical_altar_hall
D:3:      layout_loops_ring, lemuel_coloured_pillars_altar,
          gammafunk_ghost_gnarly_gnolls

Skill      XL: |  1  2  3 |
---------------+----------+-----
Dodging        | 2 |  2.7
Stealth        | 6 7 |  7.9
Spellcasting   | 1 |  1.8
Fighting       | 2 |  2.1
Short Blades   | |  2.6
Throwing       | |  2.1
Hexes          | |  0.9
Ice Magic      | |  0.7

Action                   |  1- 3 |  4- 6 || total
-------------------------+-------+-------++-------
Melee: Dagger            |   100 |     8 ||   108
       Punch             |     3 |     1 ||     4
Throw: Dart              |    10 |     4 ||    14
  Use: Scroll            |     3 |     3 ||     6
 Stab: Sleeping          |    17 |     1 ||    18
Armor: Robe              |     7 |     3 ||    10
Dodge: Dodged            |    52 |     8 ||    60
